 Dungeon Crawl Stone Soup version 0.22-a0-99-g1ac4c55 (webtiles) character file.

86 nubinia the Charmwright (level 4, -4/38 HPs)
             Began as a Gnoll Skald on Jan 26, 2018.
             Was a Believer of Elyvilon.
             Killed from afar by Natasha (6 damage)
             ... with a wand of flame (23)
             ... on level 2 of the Dungeon.
             The game lasted 00:06:01 (1214 turns).

nubinia the Charmwright (Gnoll Skald)               Turns: 1214, Time: 00:06:02

Health: -4/38      AC:  3    Str: 13    XL:     4   Next: 49%
Magic:  11/11      EV: 14    Int: 17    God:    Elyvilon [**....]
Gold:   137        SH:  0    Dex: 14    Spells: 10/13 levels left

rFire    + . .     SeeInvis .   e - +0 dagger (venom)
rCold    + . .     Gourm    .   (no shield)
rNeg     . . .     Faith    .   b - +0 leather armour
rPois    +         Spirit   .   (no helmet)
rElec    +         Reflect  .   (no cloak)
rCorr    +         Harm     .   (no gloves)
MR       .....                  (no boots)
Stlth    +.........             (no amulet)
HPRegen  0.12/turn              (no ring)
MPRegen  0.12/turn              (no ring)

@: resistant
A: distributed training, fangs 1, strong nose
a: Lesser Healing, Heal Other, Divine Protection, Renounce Religion


You were on level 2 of the Dungeon.
You worshipped Elyvilon.
Elyvilon was pleased with you.
You were not hungry.

You visited 1 branch of the dungeon, and saw 2 of its levels.

You collected 137 gold pieces.

Inventory:

Hand Weapons
 a - a +0 spear
 e - a +0 dagger of venom (weapon)
 k - a +0 dagger of speed
Missiles
 p - 6 tomahawks of returning (quivered)
Armour
 b - a +0 leather armour (worn)
Scrolls
 f - 2 scrolls of fear {unknown}
 h - a scroll of teleportation {unknown}
 i - a scroll of remove curse {unknown}
 j - a scroll of enchant armour {unknown}
 l - 5 scrolls of identify {unknown}
 m - a scroll of random uselessness {unknown}
 n - a scroll of noise {unknown}
Books
 c - a book of Battle

   Spells                             Type                      Level
   a - Infusion                       Charms                       1
   b - Shroud of Golubria             Charms/Translocation         2
   c - Song of Slaying                Charms                       2
   d - Spectral Weapon                Hexes/Charms                 3
   e - Regeneration                   Charms/Necromancy            3
Comestibles
 d - 7 rations
 o - a chunk of flesh


   Skills:
 + Level 4.6 Fighting
 + Level 1.1 Short Blades
 + Level 1.1 Long Blades
 + Level 1.1 Axes
 + Level 1.1 Maces & Flails
 + Level 4.6 Polearms
 + Level 1.1 Staves
 + Level 1.1 Slings
 + Level 1.1 Bows
 + Level 1.1 Crossbows
 + Level 1.1 Throwing
 + Level 2.7 Armour
 + Level 4.6 Dodging
 + Level 1.1 Stealth
 + Level 1.1 Shields
 + Level 1.1 Unarmed Combat
 + Level 5.1 Spellcasting
 + Level 0.9 Conjurations
 + Level 0.9 Hexes
 + Level 5.4 Charms
 + Level 0.9 Summonings
 + Level 0.9 Necromancy
 + Level 0.9 Translocations
 + Level 0.9 Transmutations
 + Level 0.9 Fire Magic
 + Level 0.9 Ice Magic
 + Level 0.9 Air Magic
 + Level 0.9 Earth Magic
 + Level 0.9 Poison Magic
 + Level 1.2 Invocations
 + Level 1.1 Evocations


You had 10 spell levels left.
You knew the following spells:

 Your Spells              Type           Power        Failure   Level  Hunger
a - Infusion              Chrm           ###.         1%          1    None
b - Song of Slaying       Chrm           ###.....     2%          2    #......


Dungeon Overview and Level Annotations

Branches:
Dungeon (2/15)

Altars:
Elyvilon

Annotations:
D:2 Natasha, Terence


Innate Abilities, Weirdness & Mutations

Your experience applies equally to all skills.
You have very sharp teeth.
Your uncanny sense of smell can sniff out nearby items.


Message History

Natasha casts a spell at you. You resist with some effort.
You hit Natasha.
Natasha is poisoned.
You bite Natasha.
Natasha is lightly wounded.
Natasha zaps a wand.
The puff of flame hits you! You resist.
* * * LOW HITPOINT WARNING * * *
You closely miss Natasha.
Natasha is lightly wounded.
Natasha zaps a wand.
The puff of flame hits you! You resist. Elyvilon protects you from harm!
You hit Natasha.
Natasha looks even sicker.
You punch Natasha, but do no damage.
Natasha is moderately wounded.
Natasha misses you.
You barely miss Natasha.
Natasha is moderately wounded.
Natasha howls an incantation.
Natasha's front paws start to glow.
Natasha zaps a wand.
The puff of flame hits you! You resist.
You die...

#.#...##.#####......#.
#.#.....>.........[.'.
#..<................#.
###.........)..(....##
#.............(...#
####.#+########......#
#.(.(#.# ########
####'####.#
#.....###@#
#.....'.#h#
#.....#.#.#
#.........#
#......(###
#.....(.###
#.........#
###....##.# #.#####h#


You could see Natasha.

Vanquished Creatures
  Natasha (D:2)
  An adder (D:2)
  2 oozes (D:2)
  2 giant cockroaches
  5 goblins
  5 hobgoblins
  3 jackals (D:2)
  A quokka (D:2)
  6 bats
  5 frilled lizards
  10 kobolds
  A rat (D:2)
42 creatures vanquished.

Notes
Turn   | Place    | Note
-------+----------+-------------------------------------------
     0 | D:1      | nubinia the Gnoll Skald began the quest for the Orb.
     0 | D:1      | Reached XP level 1. HP: 20/20 MP: 6/6
     6 | D:1      | Noticed a hog
     6 | D:1      | Noticed a polar bear
     6 | D:1      | Noticed a swamp worm
     6 | D:1      | Noticed an iguana
   170 | D:1      | Reached XP level 2. HP: 24/26 MP: 7/7
   313 | D:1      | Learned a level 2 spell: Song of Slaying
   530 | D:2      | Found a faded altar of an unknown god.
   538 | D:2      | Became a worshipper of Elyvilon the Healer
   538 | D:2      | Reached * piety under Elyvilon
   577 | D:2      | Reached XP level 3. HP: 26/31 MP: 9/9
   594 | D:2      | Reached skill level 5 in Spellcasting
   619 | D:2      | Noticed Terence
   806 | D:2      | Reached skill level 1 in Invocations
   925 | D:2      | Reached skill level 1 in Short Blades
   925 | D:2      | Reached skill level 1 in Long Blades
   925 | D:2      | Reached skill level 1 in Axes
   925 | D:2      | Reached skill level 1 in Maces & Flails
   925 | D:2      | Reached skill level 1 in Staves
   925 | D:2      | Reached skill level 1 in Slings
   925 | D:2      | Reached skill level 1 in Bows
   925 | D:2      | Reached skill level 1 in Crossbows
   925 | D:2      | Reached skill level 1 in Throwing
   925 | D:2      | Reached skill level 1 in Stealth
   925 | D:2      | Reached skill level 1 in Shields
   925 | D:2      | Reached skill level 1 in Unarmed Combat
   925 | D:2      | Reached skill level 1 in Evocations
   948 | D:2      | Reached ** piety under Elyvilon
  1082 | D:2      | Reached XP level 4. HP: 33/38 MP: 11/11
  1101 | D:2      | Noticed Natasha
  1113 | D:2      | Killed Natasha
  1195 | D:2      | Noticed Natasha
  1211 | D:2      | HP: 1/38 [Natasha/wand of flame (25) (4)]
  1212 | D:2      | Elyvilon protects you from harm!
  1214 | D:2      | Killed from afar by Natasha

Vault maps used:
D:1:      onia_arrival_zoo_common
D:2:      chequers_ecumenical_altar_simple_redux, minmay_misc_feat_columns,
          uniq_terence, uniq_natasha

Skill      XL: |  1  2  3 |
---------------+----------+-----
Spellcasting   | 5 |  5.1
Invocations    | 1 |  1.2
Short Blades   | 1 |  1.1
Long Blades    | 1 |  1.1
Axes           | 1 |  1.1
Maces & Flails | 1 |  1.1
Staves         | 1 |  1.1
Slings         | 1 |  1.1
Bows           | 1 |  1.1
Crossbows      | 1 |  1.1
Throwing       | 1 |  1.1
Stealth        | 1 |  1.1
Shields        | 1 |  1.1
Unarmed Combat | 1 |  1.1
Evocations     | 1 |  1.1
Fighting       | |  4.6
Polearms       | |  4.6
Armour         | |  2.7
Dodging        | |  4.6
Conjurations   | |  0.9
Hexes          | |  0.9
Charms         | |  5.4
Summonings     | |  0.9
Necromancy     | |  0.9
Translocations | |  0.9
Transmutations | |  0.9
Fire Magic     | |  0.9
Ice Magic      | |  0.9
Air Magic      | |  0.9
Earth Magic    | |  0.9
Poison Magic   | |  0.9

Action                   |  1- 3 |  4- 6 || total
-------------------------+-------+-------++-------
Melee: Dagger            |   126 |     6 ||   132
       Spear             |     5 |       ||     5
       Bite              |    10 |     1 ||    11
       Punch             |     1 |     1 ||     2
Throw: Tomahawk          |       |     6 ||     6
 Cast: Infusion          |     2 |       ||     2
  Use: Potion            |       |     1 ||     1
  Eat: Chunk             |     1 |       ||     1
Armor: Leather armour    |    21 |       ||    21
Dodge: Dodged            |    90 |     4 ||    94

Table legend:
 A = Spawn XP
 B = Non-spawn XP
 C = Spawn XP percentage of total XP
 D = Spawn monster count
 E = Non-spawn monster count
 F = Spawn count percentage of total count
 G = Total turns spent on level
                    A         B        C        D         E        F      G
               +---------+---------+-------+---------+---------+-------+---------
         Total |       0 |     123 |   0.0 |       0 |      42 |   0.0 |  1214
               +---------+---------+-------+---------+---------+-------+---------
           D:1 |       0 |      28 |   0.0 |       0 |      17 |   0.0 |   573
           D:2 |       0 |      95 |   0.0 |       0 |      25 |   0.0 |   641
               +---------+---------+-------+---------+---------+-------+---------
